 Dungeon Crawl Stone Soup version 0.18-a0-921-g28655ce (webtiles) character file.

525 Duffy the Skirmisher (level 7, 42/59 HPs)
             Began as a Demonspawn Assassin on Dec 27, 2015.
             Quit the game on level 4 of the Dungeon.
             The game lasted 00:05:08 (3133 turns).

Duffy the Skirmisher (Demonspawn Assassin)          Turns: 3133, Time: 00:05:08

Health: 42/59      AC:  8    Str: 11    XL:     7   Next: 2%
Magic:  7/7        EV:  8    Int: 15    God:
Gold:   168        SH:  0    Dex: 14    Spells: 0 memorised, 6 levels left

rFire  . . .     SeeInvis .     b - +0 blowgun
rCold  . . .     Gourm    .     i - +0 scale mail
rNeg   . . .     Faith    .     (no shield)
rPois  .         Spirit   .     (no helmet)
rElec  .         Dismiss  .     d - +0 cloak
rCorr  .         Reflect  .     (no gloves)
SustAt .         Harm     .     (no boots)
MR     .....                    (no amulet)
Stlth  +.........               (no ring)
                                (no ring)

@: not resistant to hostile enchantments, very unstealthy
A: claws 1, rugged brown scales 1, rot immunity
a: no special abilities


You were on level 4 of the Dungeon.
You were not hungry.

You visited 1 branch of the dungeon, and saw 4 of its levels.

You collected 168 gold pieces.


Innate Abilities, Weirdness & Mutations

You have sharp fingernails.
You are partially covered in rugged brown scales (AC +1, +3% HP).
You are immune to rotting.


   Skills:
 - Level 6.0 Fighting
 - Level 2.0 Short Blades
 - Level 1.8 Throwing
 - Level 2.2 Armour
 - Level 0.8 Dodging
 - Level 3.6 Stealth
 + Level 3.0 Unarmed Combat


You had 6 spell levels left.
You didn't know any spells.

Inventory:

Hand Weapons
 a - a +2 dagger
 b - a +0 blowgun (weapon)
Missiles
 e - 21 poisoned needles (quivered)
 f - 2 curare-tipped needles
Armour
 c - a +0 robe
 d - a +0 cloak (worn)
 i - a +0 scale mail (worn)
 o - a +0 plate armour
 A - a +0 chain mail
Scrolls
 j - 2 scrolls of blinking {unknown}
 l - a scroll of identify {unknown}
 p - a scroll of fear {unknown}
 r - a scroll of magic mapping {unknown}
 s - a scroll of amnesia {unknown}
 t - a scroll of recharging {unknown}
 u - a scroll of teleportation {unknown}
 w - a scroll of enchant weapon {unknown}
 x - a scroll of remove curse {unknown}
 y - a scroll of enchant armour {unknown}
 B - a scroll of fog {unknown}
Potions
 h - 2 potions of brilliance {unknown}
 k - a potion of lignification {unknown}
 m - a potion of might {unknown}
 n - 2 potions of curing {unknown}
 q - a potion of heal wounds {unknown}
 z - a potion of mutation {unknown}
Comestibles
 g - 2 bread rations
 v - a royal jelly
 C - 5 chunks of flesh

Dungeon Overview and Level Annotations

Branches:
Dungeon (4/15)
 Temple: D:4-7

Altars:
Ashenzari
Pakellas


Message History

The poisoned needle hits the orc wizard!
The orc wizard is poisoned.
The orc wizard points at you and mumbles some strange words.
The puff of frost misses you. The orc wizard casts a spell at you.
The puff of frost hits you!
Firing (i - inventory. (,) - cycle):
e - 24 poisoned needles (quivered)
Press: ? - help, Shift-Dir - straight line, f/p - orc wizard
Aim: an orc wizard, wielding a dagger of distortion and wearing a robe (lightly wounded, fast, poisoned)
You shoot a poisoned needle.
The poisoned needle barely misses the orc wizard.
An orc comes into view. It is wielding a whip.
Firing (i - inventory. (,) - cycle):
e - 23 poisoned needles (quivered)
Press: ? - help, Shift-Dir - straight line, f/p - orc wizard
Aim: an orc wizard, wielding a dagger of distortion and wearing a robe (lightly wounded, fast, poisoned)
You shoot a poisoned needle. The orc shouts!
The poisoned needle hits the orc wizard!
The orc wizard looks even sicker.
The orc wizard is lightly wounded.
Firing (i - inventory. (,) - cycle):
e - 22 poisoned needles (quivered)
Press: ? - help, Shift-Dir - straight line, f/p - orc wizard
Aim: an orc wizard, wielding a dagger of distortion and wearing a robe (moderately wounded, fast, poisoned)
You shoot a poisoned needle.
The poisoned needle hits the orc wizard!
The orc wizard is moderately wounded.
The orc wizard barely misses you. The orc wizard casts a spell at you.
The puff of flame hits you!
You kill the orc wizard!
Your Unarmed Combat skill increases to level 3!
You have reached level 7!
Your demonic ancestry asserts itself...
You feel immune to rotting.
Are you sure you want to abandon this character and quit the game? (Confirm with "yes".)

#...(....# .# #....(...###..#
#.....(.o.....## #.........#
..# .# #.........## ..##...#
#.........)##....... ..
#........#.#....##.##.#
##########...#..#.....
##@....#...# ########
#..###....####
#....<.#####...}.#.'#..}#
#.............#.........#
#.......##.#####.......#####
#..........#...#.......#...#
#......###.#...+..._...+...#
#......###.#..........(#...#.
#..........#.###.......#.###.


You could see an orc.

Action                   |  1- 3 |  4- 6 |  7- 9 || total
-------------------------+-------+-------+-------++-------
Melee: Dagger            |    95 |   132 |       ||   227
       Unarmed           |       |    64 |       ||    64
 Fire: Blowgun           |     7 |    34 |       ||    41
  Eat: Chunk             |       |     7 |       ||     7

Notes
Turn   | Place    | Note
--------------------------------------------------------------
     0 | D:1      | Duffy the Demonspawn Assassin began the quest for the Orb.
     0 | D:1      | Reached XP level 1. HP: 16/16 MP: 1/1
    82 | D:1      | Reached skill level 2 in Short Blades
   214 | D:1      | Gained mutation: You are partially covered in rugged brown scales (AC +1, +3% HP). [demonic ancestry]
   214 | D:1      | Reached XP level 2. HP: 16/23 MP: 2/2
   458 | D:1      | Reached skill level 3 in Fighting
   792 | D:1      | Reached XP level 3. HP: 26/29 MP: 3/3
  1030 | D:2      | Noticed Sigmund
  1052 | D:2      | Killed Sigmund
  1052 | D:2      | Reached skill level 5 in Fighting
  1052 | D:2      | Reached XP level 4. HP: 24/41 MP: 4/4
  1052 | D:2      | Reached XP level 5. HP: 27/47 MP: 5/5
  1209 | D:2      | Found an oddly glowing altar of Pakellas.
  1962 | D:3      | Noticed Shogi's ghost (weakling HONe)
  1978 | D:3      | Killed Shogi's ghost
  1978 | D:3      | Reached skill level 6 in Fighting
  1978 | D:3      | Reached skill level 1 in Armour
  1978 | D:3      | Gained mutation: You have sharp fingernails. [demonic ancestry]
  1978 | D:3      | Reached XP level 6. HP: 27/53 MP: 6/6
  2169 | D:3      | Reached skill level 1 in Unarmed Combat
  2301 | D:3      | Reached skill level 2 in Armour
  2918 | D:4      | Reached skill level 2 in Unarmed Combat
  2988 | D:4      | Found a shattered altar of Ashenzari.
  3132 | D:4      | Reached skill level 3 in Unarmed Combat
  3132 | D:4      | Gained mutation: You are immune to rotting. [demonic ancestry]
  3132 | D:4      | Reached XP level 7. HP: 42/59 MP: 7/7
  3133 | D:4      | Quit the game

Vault maps used:
D:1:      roderic_octagonal_star, minmay_misc_feat_ornament,
          minmay_three_crescents
D:2:      hangedman_feature_mirror, grunt_pakellas_sulfur, uniq_sigmund
D:4:      lemuel_round_altar, evilmike_ruin_ashenzari,
          nicolae_overflow_crystal_walls, hangedman_abyss_or_decor_stagger

Vanquished Creatures
  Sigmund
  An ogre
  The ghost of Shogi the Grave Robber, a weakling HONe
  2 hounds
  2 orc wizards
  An iguana
  2 adders
  4 oozes
  4 giant geckos
  7 orcs
  2 ball pythons
  4 giant cockroaches
  7 goblins
  5 hobgoblins
  7 kobolds
  8 bats
  8 giant newts
  3 rats
69 creatures vanquished.
